 Dungeon Sprint DCSS version 0.21.1-1-g345015f (webtiles) character file.

165 raistware the Unseen (level 5, -5/25 HPs)
             Began as a Spriggan Assassin on Apr 17, 2018.
             Was an Initiate of Gozag.
             Slain by an unseen horror (11 damage)
             ... in the Dungeon (Sprint II: "The Violet Keep of Menkaure").
             The game lasted 00:02:25 (141 turns).

raistware the Unseen (Spriggan Assassin)             Turns: 141, Time: 00:02:27

Health: -5/25      AC:  3    Str:  7    XL:     5   Next: 21%
Magic:  6/6        EV: 17    Int: 12    God:    Gozag
Gold:   243        SH:  0    Dex: 19    Spells: 4/4 levels left

rFire    . . .     SeeInvis +   a - +2 dagger
rCold    . . .     Gourm    .   (shield restricted)
rNeg     . . .     Faith    .   c - +0 robe
rPois    .         Spirit   .   (helmet restricted)
rElec    .         Reflect  .   d - +0 cloak
rCorr    .         Harm     .   (gloves unavailable)
MR       .....     NoTele   +   (boots unavailable)
Stlth    ++++++....             (no amulet)
HPRegen  0.08/turn              (no ring)
MPRegen  0.10/turn              (no ring)

@: very quick
A: very small, unfitting armour, see invisible, herbivore, speed 3, slow
metabolism 2
a: Potion Petition, Call Merchant, Bribe Branch, Renounce Religion


You were in the Dungeon.
You worshipped Gozag.
Gozag was aware of your devotion.
You were not hungry.

You visited 1 branch You collected 243 gold pieces.

Inventory:

Hand Weapons
 a - a +2 dagger (weapon)
 b - a +0 blowgun
Missiles
 e - 8 poisoned needles
 f - 2 curare-tipped needles
Armour
 c - a +0 robe (worn)
 d - a +0 cloak (worn)
Scrolls
 m - a scroll of blinking
Potions
 i - a potion of heal wounds
 j - a potion of haste
 k - 2 potions of magic
Comestibles
 g - a ration


   Skills:
 - Level 1.5 Fighting
 + Level 4.4 Short Blades
 - Level 2.0 Throwing
 - Level 1.5 Dodging
 + Level 15.5 Stealth


You had 4 spell levels left.
You didn't know any spells.

Dungeon Overview and Level Annotations

Branches:
Dungeon (1/1)

Altars:
Cheibriados
Dithmenos
Elyvilon
Fedhas
Gozag
Hepliaklqana
Kikubaaqudgha
Makhleb
Nemelex Xobeh
Okawaru
Qazlal
Ru
Sif Muna
Trog
Uskayaw
Vehumet
Wu Jian
Xom
Yredelemnul
Zin
The Shining One
Beogh
Jiyva
Lugonu

Annotations:
D Menkaure


Innate Abilities, Weirdness & Mutations

You are very small and have problems with some larger weapons.
You are too small for most types of armour.
You have supernaturally acute eyesight. (SInv)
You are a herbivore.
You cover ground extremely quickly.
You need consume almost no food.


Message History

A deep elf master archer comes into view.
You open the door. 2 unseen horrors come into view.
Found 81 gold pieces and a scroll labeled VOUCHAT BATWIU.
The unseen horror barely misses you.
There is an open door here.
The unseen horror misses you.
You hit the unseen horror.
The unseen horror is lightly wounded.
The unseen horror barely misses you. x2; The unseen horror hits you!
You hit the unseen horror.
The unseen horror is lightly wounded.
The unseen horror hits you! The unseen horror closely misses you.
You hit the unseen horror but do no damage.
The unseen horror is lightly wounded.
The unseen horror barely misses you. The unseen horror hits you.
* * * LOW HITPOINT WARNING * * *
The unseen horror hits you!
You die...
Your body crumbles into a pile of gold. $ $ $ $ $ $ $ $ ##++## ##≈...### e≈.....# ####....# #.$x....# ..#x@####.# $ .####HH+^### $$ ...#..#...# $ $ ## $ ###..#####..# $ $?(?

#.# #+###.##..#.a+.^# ▓?=($
#H##.##.%.#..#.$#^^# #▓)(?!
#+.<.'##.'..####..####▓$!%!
#H##.##.###....###...##▓▓▓▓▓
#.#
#+###†##......≈≈≈≈≈≈≈≈≈≈≈


You could see 2 unseen horrors.

Vanquished Creatures
  A soldier ant (D)
  2 worker ants (D)
  3 worms (D)
6 creatures vanquished.

Vanquished Creatures (others)
  A crocodile (D)
1 creature vanquished.

Grand Total: 7 creatures vanquished

Notes
Turn   | Place    | Note
-------+----------+-------------------------------------------
     0 | D        | raistware the Spriggan Assassin began the quest for the Orb.
     0 | D        | Reached XP level 1. HP: 10/10 MP: 2/2
     1 | D        | Noticed a hippogriff
     1 | D        | Noticed a hippogriff
    10 | D        | Reached skill level 7 in Stealth
    15 | D        | Reached skill level 8 in Stealth
    16 | D        | Reached skill level 9 in Stealth
    16 | D        | Reached XP level 2. HP: 14/14 MP: 3/3
    16 | D        | Killed a crocodile
    40 | D        | Reached skill level 11 in Stealth
    40 | D        | Reached XP level 3. HP: 13/18 MP: 4/4
    45 | D        | Reached skill level 12 in Stealth
    80 | D        | Found a glowing golden altar of the Shining One.
    80 | D        | Found an ornate altar of the Wu Jian Council.
    80 | D        | Found a stormy altar of Qazlal.
    81 | D        | Found a shimmering altar of Xom.
    81 | D        | Found a sacrificial altar of Ru.
    82 | D        | Found a basalt altar of Yredelemnul.
    82 | D        | Found a deep blue altar of Sif Muna.
    83 | D        | Found a glowing silver altar of Zin.
    83 | D        | Found a bloodstained altar of Trog.
    83 | D        | Found an ancient bone altar of Kikubaaqudgha.
    83 | D        | Found a viscous altar of Jiyva.
    84 | D        | Found a hide-covered altar of Uskayaw.
    84 | D        | Found a corrupted altar of Lugonu.
    84 | D        | Found a shadowy altar of Dithmenos.
    85 | D        | Found a radiant altar of Vehumet.
    85 | D        | Found a burning altar of Makhleb.
    85 | D        | Found a white marble altar of Elyvilon.
    86 | D        | Found a sparkling altar of Nemelex Xobeh.
    86 | D        | Found a blossoming altar of Fedhas.
    88 | D        | Found an iron altar of Okawaru.
    88 | D        | Found an opulent altar of Gozag.
    88 | D        | Found a hazy altar of Hepliaklqana.
    88 | D        | Found a snail-covered altar of Cheibriados.
    89 | D        | Noticed Menkaure
    89 | D        | Found a roughly hewn altar of Beogh.
    92 | D        | Noticed a crocodile
    93 | D        | Noticed a crocodile
    96 | D        | Noticed a flying skull
    96 | D        | Noticed a flying skull
    97 | D        | Became a worshipper of Gozag Ym Sagoz the Greedy
   115 | D        | Noticed a soldier ant
   115 | D        | Noticed a soldier ant
   115 | D        | Noticed a soldier ant
   117 | D        | Killed a soldier ant
   117 | D        | Reached skill level 15 in Stealth
   117 | D        | Reached XP level 4. HP: 21/22 MP: 5/5
   117 | D        | Reached XP level 5. HP: 24/25 MP: 6/6
   125 | D        | Noticed a manticore
   126 | D        | Noticed a manticore
   126 | D        | Noticed a manticore
   133 | D        | Noticed a deep elf master archer
   136 | D        | Noticed an unseen horror
   136 | D        | Noticed an unseen horror
   141 | D        | Slain by an unseen horror

Skill      XL: |  1  2  3 |
---------------+----------+-----
Stealth        | 9 11 15 | 15.5
Short Blades   | 4 |  4.4
Fighting       | |  1.5
Throwing       | |  2.0
Dodging        | |  1.5

Action                   |  1- 3 |  4- 6 || total
-------------------------+-------+-------++-------
Melee: Dagger            |    21 |     3 ||    24
  Use: Potion            |     2 |       ||     2
 Stab: Sleeping          |     4 |       ||     4
Armor: Robe              |     1 |     1 ||     2
Dodge: Dodged            |    10 |     9 ||    19
